 Dungeon Crawl Stone Soup version 0.31-a0-237-g2d982f9f85 (webtiles) character file.

Game seed: 5249161859256464675

79 kae the Insei (level 4, -2/32 HPs)
             Began as a Demonspawn Transmuter on July 11, 2023.
             Slain by an orc wizard
             ... wielding a +0 dagger
              (3 damage)
             ... on level 2 of the Dungeon.
             The game lasted 00:00:59 (893 turns).

kae the Insei (Demonspawn Transmuter)                Turns: 893, Time: 00:01:00

Health: -2/32      AC:  4    Str: 10    XL:     4   Next: 17%
Magic:  7/8        EV: 12    Int: 17    God:
Gold:   25         SH:  0    Dex: 13    Spells: 7/8 levels left

rFire   + .          .
                       - Unarmed
rCold   . . .        (no shield)
rNeg    . . .        a - +0 robe
rPois   .            (no helmet)
rElec   .            (no cloak)
rCorr   .            (no gloves)
SInv    .            (no boots)
Will    .....        i - amulet of magic regeneration
Stlth   +            F - ring of protection from fire
HPRegen 0.25/turn    (no ring)
MPRegen 0.51/turn

%: no passive effects
@: no status effects
A: claws 1, molten scales 1, foul stench 1
a: no special abilities


You were on level 2 of the Dungeon.
You visited 1 branch of the dungeon, and saw 2 of its levels.

You collected 25 gold pieces.


Innate Abilities, Weirdness & Mutations

You have sharp fingernails.
You are partially covered in molten scales. (AC +2)
You may rarely emit foul miasma when damaged in melee.


   Skills:
 - Level 1.0 Fighting
 - Level 1.7 Dodging
 + Level 3.2 Unarmed Combat
 + Level 2.6 Spellcasting
 * Level 3.1 Transmutations


You had 7 spell levels left.
You knew the following spells:

 Your Spells              Type           Power      Damage    Failure   Level
a - Beastly Appendage     Tmut           26%        N/A       4%          1

Your spell library contained the following spells:

 Spells                   Type           Power      Damage    Failure   Level
 Wereblood                Tmut           13%        N/A       8%          2
 Spider Form              Tmut/Pois      7%         N/A       28%         3
 Ice Form                 Ice/Tmut       7%         N/A       67%         4

Inventory:

Missiles
 e - 5 poisoned darts
 j - 17 stones
Armour
 a - a +0 robe (worn)
Jewellery
 i - an amulet of magic regeneration (around neck)
   (You found it on level 1 of the Dungeon)
 F - a ring of protection from fire (left claw)
   (You found it on level 1 of the Dungeon)
Scrolls
 c - 2 scrolls of teleportation {@r4}
 d - a scroll of revelation
 g - a scroll of immolation {!r!r}
Potions
 b - a potion of lignification {!q}
 f - a potion of resistance {unknown}
 k - a potion of mutation {!q}

Dungeon Overview and Level Annotations

Branches:
Dungeon (2/15) Zot: 11110

Altars:

# .. .. .#.#..
.####.##
...#.####.......
#.............#
#..............
#.........)...#
#.............. #
#........####
#.#K@)........+
#..†J#####....#
......#.w.......<.+
#........##.....###
#.)..###.....(..#
#..# #.#....... ..
#.......... .
....#......
#.........


You could see a dart slug, an endoplasm and a kobold.


Message History

The orc hits you with a +0 dagger.
The orc priest mumbles some strange prayers to Beogh against you.
Beogh smites you!
* * * LOW HITPOINT WARNING * * *
The orc wizard hits you but does no damage.
The hobgoblin hits you but does no damage.
The bat moves out of view. 😱 HP[-14]
You take 14 damage, and now have 7/31 hp.
MASSIVE DAMAGE!! (PAUSE)
You hit the orc priest but do no damage.
The orc wizard hits you but does no damage.
The orc priest hits you but does no damage.
The hobgoblin hits you but does no damage.
The orc completely misses you. 😨 HP[+1]
You hit the orc priest but do no damage.
The orc wizard hits you but does no damage.
The hobgoblin hits you but does no damage.
The orc priest miscasts a cantrip.
The orc hits you but does no damage.
You hit the orc priest.
You kill the orc priest!
The hobgoblin hits you but does no damage.
The orc hits you but does no damage.
The orc wizard hits you but does no damage.
Your Unarmed Combat skill increases to level 3!
You have reached level 3!
Your experience leads to an increase in your attributes!
Increase (S)trength, (I)ntelligence, or (D)exterity?
You feel clever. x2; Your demonic ancestry asserts itself...
Molten scales grow over part of your body. 😨 HP[+2] MP[+1]
You now have 39 max hp (+8).
You regained 2 hp, and now have 10/39 hp.
Your mp is fully restored (6).
You barely miss the orc wizard.
Your transformation is almost over.
The hobgoblin hits you but does no damage.
The orc wizard hits you but does no damage.
The orc hits you but does no damage.
You hit the orc wizard. The orc hits you but does no damage.
The orc wizard hits you but does no damage.
The hobgoblin barely misses you. 😨 HP[+1]
You hit the orc wizard. The orc hits you but does no damage.
The orc wizard hits you but does no damage.
The hobgoblin hits you but does no damage.
You smack the orc wizard!
You kill the orc wizard!
The hobgoblin barely misses you. The orc hits you but does no damage.
Your Transmutations skill increases to level 3!
You have reached level 4!
You feel clever.
Your demonic ancestry asserts itself...
Your fingernails lengthen. 😨 HP[+3] MP[+1]
You now have 48 max hp (+9).
You regained 3 hp, and now have 14/48 hp.
Your mp is fully restored (7).
Okay, then.
You completely miss the orc.
The endoplasm hits you but does no damage.
The orc hits you but does no damage. The hobgoblin barely misses you.
You completely miss the orc.
The endoplasm hits you but does no damage.
The hobgoblin hits you but does no damage.
The orc hits you but does no damage.
You smack the orc!
You kill the orc! 😨 HP[+1]
You cannot move.
You cannot move.
You cannot move.
You hit the hobgoblin.
You kill the hobgoblin!
The bat hits you but does no damage.
The endoplasm hits you but does no damage.
The bat hits you but does no damage.
You hit the bat but do no damage. The bat hits you but does no damage. x2
The kobold barely misses you. The endoplasm freezes you.
You are frozen.
* * * LOW HITPOINT WARNING * * *
😱 HP[-5]
You take 5 damage, and now have 10/48 hp.
You smack the bat!
You kill the bat!
You feel less wooden.
Your +0 robe unmelds from your body.
The kobold barely misses you. The endoplasm hits you.
* * * LOW HITPOINT WARNING * * *
😱 HP[-4]
You now have 32 max hp (-16).
You closely miss something. The kobold hits you with a +0 dagger.
* * * LOW HITPOINT WARNING * * *
The endoplasm freezes you.
You are frozen.
* * * LOW HITPOINT WARNING * * *
Something hits you.
You die...

Skill      XL: |  1  2  3 |
---------------+----------+-----
Transmutations | 2 3 |  3.1
Unarmed Combat | 3 |  3.2
Fighting       | |  1.0
Dodging        | |  1.7
Spellcasting   | |  2.6

Action                     |  1- 3 |  4- 6 || total
---------------------------+-------+-------++-------
  Melee: Unarmed           |    54 |     7 ||    61
         Kick              |     6 |       ||     6
         Headbutt          |     4 |       ||     4
         Punch             |     3 |       ||     3
   Cast: Beastly Appendage |    10 |       ||    10
    Use: Scroll            |     3 |       ||     3
         Potion            |     1 |       ||     1
 Armour: Robe              |    13 |       ||    13
         Skin              |    34 |    10 ||    44
  Dodge: Dodged            |    54 |     3 ||    57

Levels and vault maps discovered:
D:1:      erik_arrival_blinker_ship, layout_basic,
          hellmonk_ecumenical_altar_blasted, dk_noncrumbling_4
D:2:      layout_basic, basic_altar, minmay_fractal_squares_5

Notes
Turn   | Place    | Note
-------+----------+-------------------------------------------
     0 | D:1      | kae the Demonspawn Transmuter began the quest for the Orb.
     0 | D:1      | Reached XP level 1. HP: 15/15 MP: 3/3
     0 | D:1      | magus.rc [v1.11.3]
   170 | D:1      | Found a faded altar of an unknown god.
   179 | D:1      | Reached skill level 2 in Transmutations
   227 | D:1      | Gained mutation: You may rarely emit foul miasma when
                  | damaged in melee. [demonic ancestry]
   227 | D:1      | Reached XP level 2. HP: 20/21 MP: 3/5
   879 | D:2      | HP: 7/31 [orc priest/divine providence (13)]
   883 | D:2      | Reached skill level 3 in Unarmed Combat
   883 | D:2      | Gained mutation: You are partially covered in molten
                  | scales. (AC +2) [demonic ancestry]
   883 | D:2      | Reached XP level 3. HP: 10/26 MP: 6/6
   887 | D:2      | Reached skill level 3 in Transmutations
   887 | D:2      | Gained mutation: You have sharp fingernails. [demonic
                  | ancestry]
   887 | D:2      | Reached XP level 4. HP: 14/32 MP: 7/7
   891 | D:2      | HP: 10/48 [frozen (5)]
   893 | D:2      | HP: 1/32 [frozen (4)]
   893 | D:2      | Slain by an orc wizard

Vanquished Creatures
  An orc priest (D:2)
  An orc wizard (D:2)
  A dart slug (D:1)
  An orc (D:2)
  2 ball pythons (D:1)
  2 endoplasms (D:1)
  4 hobgoblins
  3 kobolds (D:1)
  5 bats
  A frilled lizard (D:1)
  A goblin (D:1)
22 creatures vanquished.

Table legend:
 A = Non-vault XP
 B = Vault XP
 C = Vault XP percentage of total XP
 D = Non-vault monster count
 E = Vault monster count
 F = Vault count percentage of total count
                 A         B        C        D         E       F
            +---------+---------+-------+---------+---------+-------
      Total |     111 |       3 |   2.6 |      20 |       2 |   9.1
            +---------+---------+-------+---------+---------+-------
        D:1 |      26 |       0 |   0.0 |      15 |       0 |   0.0
        D:2 |      85 |       3 |   3.4 |       5 |       2 |  28.6
            +---------+---------+-------+---------+---------+-------

Skill      XL: |  1  2  3 |
---------------+----------+-----
Transmutations | 2 3 |  3.1
Unarmed Combat | 3 |  3.2
Fighting       | |  1.0
Dodging        | |  1.7
Spellcasting   | |  2.6

Action                     |  1- 3 |  4- 6 || total
---------------------------+-------+-------++-------
  Melee: Unarmed           |    54 |     7 ||    61
         Kick              |     6 |       ||     6
         Headbutt          |     4 |       ||     4
         Punch             |     3 |       ||     3
   Cast: Beastly Appendage |    10 |       ||    10
    Use: Scroll            |     3 |       ||     3
         Potion            |     1 |       ||     1
 Armour: Robe              |    13 |       ||    13
         Skin              |    34 |    10 ||    44
  Dodge: Dodged            |    54 |     3 ||    57

Illustrated notes

Table legend:
 A = Kills in this place as a percentage of kills in the entire game.
 B = Kills by you in this place as a percentage of kills by you in the entire game.
 C = Kills by friends in this place as a percentage of kills by friends in the entire game.
 D = Other kills in this place as a percentage of other kills in the entire game.
 E = Experience gained in this place as a percentage of experience gained in the entire game.
 F = Experience gained in this place divided by the number of levels of this place that you have seen.
                   A       B       C       D       E      F
               +-------+-------+-------+-------+-------+----------------------
         Total | 100.0 | 100.0 |   N/A |   N/A | 100.0 |  57.0
       Dungeon | 100.0 | 100.0 |   N/A |   N/A | 100.0 |  57.0
               +-------+-------+-------+-------+-------+----------------------

Table legend: (Time is in decaauts)
 A = Elapsed time spent in this place.
 B = Non-inter-level travel time spent in this place.
 C = Inter-level travel time spent in this place.
 D = Time resting spent in this place.
 E = Time spent auto-exploring this place.
 F = Levels seen in this place.
 G = Mean time per level.
                   A        B        C        D        E       F      G
               +--------+--------+--------+--------+--------+-----+--------+
         Total |    888 |    860 |     28 |      4 |    698 |   2 |  444.0 |
       Dungeon |    888 |    860 |     28 |      4 |    698 |   2 |  444.0 |
               +--------+--------+--------+--------+--------+-----+--------+

Top non-repeatable levels by time:
     D:1: 850 daAuts
     D:2: 38 daAuts
